 Dungeon Crawl Stone Soup version 0.30-a0-462-gd5975efbca (webtiles) character file.

Game seed: 3344105898335187350

60 Mitcholas the Chopper (level 4, -4/40 HPs)
             Began as a Hill Orc Monk on Dec 16, 2022.
             Slain by an ice beast (11 damage)
             ... on level 3 of the Dungeon.
             The game lasted 00:02:32 (1749 turns).

Mitcholas the Chopper (Hill Orc Monk)               Turns: 1749, Time: 00:02:32

Health: -4/40      AC:  9    Str: 15    XL:     4   Next: 6%
Magic:  4/4        EV: 11    Int: 10    God:
Gold:   79         SH:  0    Dex: 13    Spells: 3/3 levels left

rFire   + . .      SeeInvis .    a - +0 hand axe
rCold   . . .      Faith    .    (no shield)
rNeg    . . .      Spirit   .    j - +0 chain mail
rPois   .          Reflect  .    d - +0 helmet
rElec   .          Harm     .    (no cloak)
rCorr   .          Rampage  .    (no gloves)
Will    .....                    (no boots)
Stlth   ..........               (no amulet)
HPRegen 0.26/turn                k - ring of protection from fire
MPRegen 0.09/turn                m - +4 ring of evasion

@: no status effects
A: no striking features
a: no special abilities


You were on level 3 of the Dungeon.
You visited 1 branch of the dungeon, and saw 3 of its levels.

You collected 79 gold pieces.

Inventory:

Hand Weapons
 a - a +0 hand axe (weapon)
Missiles
 h - 2 throwing nets (quivered)
 i - 3 atropa-tipped darts
Armour
 d - a +0 helmet (worn)
 j - a +0 chain mail (worn)
Jewellery
 k - a ring of protection from fire (left hand)
 m - a +4 ring of evasion (right hand)
Scrolls
 e - 2 scrolls of fear {unknown}
 n - a scroll of immolation {unknown}
 o - 2 scrolls of silence {unknown}
 p - a scroll of teleportation {unknown}
Potions
 b - a potion of resistance {unknown}
 c - a potion of ambrosia
 f - a potion of berserk rage {unknown}
 g - a potion of flight {unknown}
 l - a potion of curing {unknown}


   Skills:
 + Level 4.2 Fighting
 * Level 5.3 Axes
 + Level 1.6 Armour
 - Level 2.4 Dodging
 - Level 1.5 Stealth


You had 3 spell levels left.
You didn't know any spells.
Your spell library contained the following spells:

 Spells                   Type           Power      Damage    Failure   Level
 Passage of Golubria      Tloc           0%         N/A       100%        4
 Silence                  Hex/Air        0%         N/A       100%        5
 Lehudib's Crystal Spear  Conj/Erth      0%         10d2      100%        8


Dungeon Overview and Level Annotations

Branches:
Dungeon (3/15)

Altars:


Message History

The ice beast hits you but does no damage.
Unknown command.
You barely miss the ice beast. The ice beast hits you.
The ice beast freezes you.
Unknown command.
You hit the ice beast but do no damage. The ice beast hits you.
The ice beast freezes you!
Unknown command.
You hit the ice beast but do no damage. The ice beast barely misses you.
Unknown command.
You hit the ice beast.
The ice beast is lightly wounded.
The ice beast hits you. The ice beast freezes you!
* * * LOW HITPOINT WARNING * * *
You barely miss the ice beast.
The ice beast is lightly wounded.
The ice beast hits you but does no damage.
You closely miss the ice beast.
The ice beast is lightly wounded.
The ice beast barely misses you.
The ice beast hits you but does no damage.
You hit the ice beast but do no damage. The ice beast misses you.
You hit the ice beast.
The ice beast is lightly wounded.
The ice beast closely misses you.
You barely miss the ice beast.
The ice beast is lightly wounded.
The ice beast hits you but does no damage.
You closely miss the ice beast.
The ice beast is lightly wounded.
The ice beast hits you but does no damage.
You hit the ice beast.
The ice beast is moderately wounded.
The ice beast hits you but does no damage.
You hit the ice beast.
The ice beast is moderately wounded.
The ice beast hits you.
* * * LOW HITPOINT WARNING * * *
The ice beast freezes you!
You die...

######..
##......#
........## ##
........##
...####.........
#...........#
.#...........##
......†.<.....#
.......@......#
......Y######...
###...l # ###..
... #... .[..
#.#..


You could see an ice beast and a frilled lizard.

Vanquished Creatures
  2 adders (D:2)
  A dart slug (D:1)
  2 ball pythons
  3 bats
  3 endoplasms
  4 giant cockroaches
  3 hobgoblins
  3 quokkas
  4 frilled lizards
  6 goblins
  4 kobolds
  A rat (D:1)
36 creatures vanquished.

Notes
Turn   | Place    | Note
-------+----------+-------------------------------------------
     0 | D:1      | Mitcholas the Hill Orc Monk began the quest for the Orb.
     0 | D:1      | Reached XP level 1. HP: 19/19 MP: 1/1
   305 | D:1      | Reached XP level 2. HP: 27/27 MP: 2/2
   816 | D:1      | Reached skill level 1 in Armour
  1172 | D:2      | Reached XP level 3. HP: 33/33 MP: 3/3
  1257 | D:2      | Reached skill level 5 in Axes
  1731 | D:3      | Reached XP level 4. HP: 40/40 MP: 4/4
  1731 | D:3      | Noticed an ice beast
  1749 | D:3      | Slain by an ice beast

Illustrated notes

Levels and vault maps discovered:
D:1:      dpeg_arrival_rhombus, layout_loops_corners
D:2:      layout_loops_ring
D:3:      layout_rooms, chequers_ecumenical_altar_twisty

Skill      XL: |  1  2  3 |
---------------+----------+-----
Armour         | 1 |  1.6
Fighting       | 4 |  4.2
Axes           | 5 |  5.3
Dodging        | |  2.4
Stealth        | |  1.5

Action                   |  1- 3 |  4- 6 || total
-------------------------+-------+-------++-------
Melee: Hand axe          |   131 |    19 ||   150
       Punch             |     3 |       ||     3
 Stab: Sleeping          |     3 |       ||     3
Armor: Robe              |    12 |       ||    12
       Chain mail        |    45 |     6 ||    51
       Ring mail         |     1 |       ||     1
Dodge: Dodged            |    86 |     7 ||    93

Table legend: (Time is in decaauts)
 A = Elapsed time spent in this place.
 B = Non-inter-level travel time spent in this place.
 C = Inter-level travel time spent in this place.
 D = Time resting spent in this place.
 E = Time spent auto-exploring this place.
 F = Levels seen in this place.
 G = Mean time per level.
                   A        B        C        D        E       F      G
               +--------+--------+--------+--------+--------+-----+--------+
         Total |   1757 |   1731 |     26 |    127 |   1199 |   3 |  585.7 |
       Dungeon |   1757 |   1731 |     26 |    127 |   1199 |   3 |  585.7 |
               +--------+--------+--------+--------+--------+-----+--------+

Top non-repeatable levels by time:
     D:1: 982 daAuts
     D:2: 742 daAuts
     D:3: 32 daAuts
